 Dungeon Crawl Stone Soup version 0.17-a0-1301-ga863c44 (webtiles) character file.

44 Blackbelt the Ruffian (level 3, -1/36 HPs)
             Began as a Troll Monk on June 7, 2015.
             Slain by Baka's ghost (11 damage)
             ... on level 3 of the Dungeon.
             The game lasted 00:02:14 (1520 turns).

Blackbelt the Ruffian (Troll Monk)                  Turns: 1520, Time: 00:02:14

Health: -1/36      AC:  5    Str: 19    XL:     3   Next: 41%
Magic:  2/2        EV: 10    Int:  6    God:
Gold:   42         SH:  0    Dex: 13    Spells: 0 memorised, 2 levels left

rFire  . . .     SeeInvis .       - Unarmed
rCold  . . .     Clarity  .     a - +0 robe
rNeg   . . .     SustAt   .     (no shield)
rPois  .         Gourm    +     (helmet restricted)
rElec  .         Spirit   .     (no cloak)
rCorr  .         Warding  .     (gloves unavailable)
rMut   .         Stasis   .     (boots unavailable)
MR     .....                    (no amulet)
Stlth  +.........               (no ring)
                                o - ring of wizardry

@: not resistant to hostile enchantments, very unstealthy
A: unfitting armour, claws 3, fast metabolism 3, gourmand, regeneration 2,
shaggy fur 1, tough skin 2
a: no special abilities


You were on level 3 of the Dungeon.
You were not hungry.

You visited 1 branch of the dungeon, and saw 3 of its levels.

You collected 42 gold pieces.

Inventory:

Armour
 a - a +0 robe (worn)
Jewellery
 o - a ring of wizardry (left claw)
Scrolls
 c - 3 scrolls of remove curse {unknown}
 f - a scroll of magic mapping {unknown}
 i - a scroll of noise {unknown}
 k - a scroll of teleportation {unknown}
 n - 2 scrolls of identify {unknown}
Potions
 d - 3 potions of flight {unknown}
 e - a potion of resistance {unknown}
 h - a potion of ambrosia {unknown}
 j - a potion of curing {unknown}
 m - a potion of cure mutation {unknown}
Books
 g - a book of Hinderance

   Spells                             Type                      Level
   a - Confusing Touch                Hexes                        2
   b - Confuse                        Hexes                        3
   c - Gell's Gravitas                Hexes/Translocation          3
   d - Petrify                        Transmutation/Earth          4
   e - Metabolic Englaciation         Hexes/Ice                    5
Comestibles
 b - 4 bread rations
 l - 2 meat rations


   Skills:
 - Level 2.4 Fighting
 - Level 2.4 Dodging
 - Level 1.1 Stealth
 + Level 5.2 Unarmed Combat


You had 2 spell levels left.
You didn't know any spells.

Dungeon Overview and Level Annotations

Branches:
Dungeon (3/15)

Altars:

Annotations:
D:3 Baka's ghost, average GrFi


Innate Abilities, Weirdness & Mutations

You are too large for most types of armour.
You have claws for hands.
Your metabolism is lightning-fast.
You like to eat raw meat.
You heal very quickly.
You are covered in fur (AC +1).
You have very tough skin (AC +2).


Message History

You are too injured to fight recklessly!
You are too injured to fight recklessly!
You are too injured to fight recklessly!
You are too injured to fight recklessly!
You are too injured to fight recklessly!
You are too injured to fight recklessly!
You are too injured to fight recklessly!
You are too injured to fight recklessly!
You are too injured to fight recklessly!
You are too injured to fight recklessly!
You are too injured to fight recklessly!
You are too injured to fight recklessly!
You are too injured to fight recklessly!
You are too injured to fight recklessly!
You scratch Baka's ghost but do no damage.
Baka's ghost is heavily damaged.
You closely miss Baka's ghost.
Baka's ghost is heavily damaged.
Baka's ghost hits you!
You die...

#.### # #...# #.#....
#.#.#.### .......
#.####.#.####..# #
#.................
############.#.####..##
......#### #.#..@W....#
####.....# #.########.#
# #.....###.####### #
#.....##........# #
#.....##........# #
#.....##........#
#####'#####........#
##.................#
##.................#


You could see Baka's ghost.

Vanquished Creatures
  An adder (D:2)
  3 worms
  A giant gecko (D:1)
  2 giant cockroaches
  2 goblins (D:2)
  5 hobgoblins
  A quokka (D:2)
  A ball python (D:1)
  5 bats
  3 giant newts
  3 rats (D:1)
27 creatures vanquished.

Notes
Turn   | Place    | Note
--------------------------------------------------------------
     0 | D:1      | Blackbelt the Troll Monk began the quest for the Orb.
     0 | D:1      | Reached XP level 1. HP: 22/22 MP: 0/0
   249 | D:1      | Reached XP level 2. HP: 29/29 MP: 1/1
   948 | D:2      | Reached skill level 5 in Unarmed Combat
   949 | D:2      | Reached XP level 3. HP: 34/36 MP: 2/2
  1504 | D:3      | Noticed Baka's ghost (average GrFi)
  1520 | D:3      | Slain by Baka's ghost

Vault maps used:
D:1:      dpeg_arrival_brainrot, minmay_misc_feat_five, grunt_decor_mini_mirrors
D:3:      nemelex_deck

Action                   || total
-------------------------++-------
Melee: Unarmed           ||    68
 Stab: Sleeping          ||     2
  Eat: Chunk             ||    11
